 Dungeon Crawl Stone Soup version 0.32-a0-306-gfed3edf829 (webtiles) character file.

Game seed: 1314776935204471849

5829 Atlas the Thaumaturge (level 10, -6/67 HPs)
             Began as a Demonspawn Fire Elementalist on Feb 15, 2024.
             Was a Follower of Vehumet.
             Killed from afar by a gargoyle (24 damage)
             ... with a stone arrow
             ... on level 10 of the Dungeon.
             The game lasted 00:16:59 (10370 turns).

Atlas the Thaumaturge (DsFE)                       Turns: 10370, Time: 00:17:00

Health: -6/67      AC:  8    Str:  8    XL:     10   Next: 51%
Magic:  23/23      EV: 12    Int: 20    God:    Vehumet [*.....]
Gold:   527        SH:  0    Dex: 14    Spells: 20/27 levels left

rFire   . . .        C - +2 spear (vamp)
rCold   . . .        (no shield)
rNeg    . . .        I - +0 troll leather armour
rPois   .            r - +0 helmet
rElec   .            D - +0 cloak
rCorr   .            (no gloves)
SInv    .            p - +0 pair of boots
Will    .....        k - amulet of magic regeneration
Stlth   ++           g - ring of wizardry
HPRegen 1.11/turn    (no ring)
MPRegen 0.58/turn

%: wizardry (x1)
@: no status effects
A: molten scales 1, ignite blood 3, powered by death 1
a: Renounce Religion


You were on level 10 of the Dungeon.
You worshipped Vehumet.
Vehumet was aware of your devotion.
You visited 2 branches of the dungeon, and saw 11 of its levels.

You collected 555 gold pieces.
You spent 28 gold pieces at shops.

Inventory:

Hand Weapons
 C - a +2 vampiric spear (weapon)
Armour
 p - a +0 pair of boots (worn)
 r - a +0 helmet (worn)
 D - a +0 cloak (worn)
 I - a +0 troll leather armour (worn)
Jewellery
 g - a ring of wizardry (left hand)
 k - an amulet of magic regeneration (around neck)
 o - an amulet of regeneration
Wands
 q - a wand of flame (23)
 t - a wand of charming (21)
 A - a wand of digging (7)
 B - a wand of polymorph (4)
 J - a wand of roots (4)
Scrolls
 c - 3 scrolls of fog
 i - a scroll of blinking
 j - 3 scrolls of amnesia
 n - 4 scrolls of poison
 s - a scroll of enchant weapon
 w - 2 scrolls of vulnerability
 x - 2 scrolls of noise
 y - a scroll of brand weapon
 z - 3 scrolls of teleportation
 E - a scroll of enchant armour
 G - 2 scrolls of immolation
Potions
 a - 2 potions of cancellation {unknown}
 b - a potion of magic
 d - 3 potions of lignification {unknown}
 f - 6 potions of attraction
 h - 4 potions of haste {unknown}
 l - a potion of ambrosia {unknown}
 m - 3 potions of curing {unknown}
 u - a potion of berserk rage {unknown}
 v - 4 potions of brilliance {unknown}
 F - a potion of degeneration {unknown}
 H - a potion of invisibility {unknown}


   Skills:
 + Level 2.0 Fighting
 + Level 3.5 Armour
 + Level 3.1 Dodging
 + Level 3.0 Stealth
 + Level 0.6 Unarmed Combat
 + Level 9.3 Spellcasting
 + Level 5.6 Conjurations
 + Level 8.8 Fire Magic
 + Level 0.6 Evocations


You had 20 spell levels left.
You knew the following spells:

 Your Spells              Type           Power      Damage    Failure   Level
a - Scorch                Fire           88%        2d8       1%          2
b - Foxfire               Conj/Fire      100%       2x1d9     1%          1
c - Flame Wave            Conj/Fire      38%        2d10      2%          4

Your spell library contained the following spells:

 Spells                   Type           Power      Damage    Failure   Level
 Sting                    Conj/Alch      80%        1d8       1%          1
 Inner Flame              Hex/Fire       27%        N/A       1%          3
 Volatile Blastmotes      Fire/Tloc      54%        2d14      1%          3
 Necrotise                Necr           36%        1d5       4%          1
 Ensorcelled Hibernation  Hex/Ice        18%        N/A       6%          2
 Ignite Poison            Fire/Alch      27%        N/A       7%          4
 Sticky Flame             Fire/Alch      27%        2d7       7%          4
 Ozocubu's Armour         Ice            9%         N/A       12%         3
 Passwall                 Erth           9%         N/A       12%         3
 Swiftness                Air            9%         N/A       12%         3
 Vampiric Draining        Necr           9%         2d6       12%         3
 Martyr's Knell           Necr/Summ      9%         N/A       38%         4
 Curse of Agony           Necr           9%         N/A       71%         5
 Metabolic Englaciation   Hex/Ice        4%         N/A       71%         5
 Sculpt Simulacrum        Ice/Alch       4%         N/A       99%         6
 Ignition                 Fire           22%        3d8       99%         8


Dungeon Overview and Level Annotations

Branches:
Dungeon (10/15)            Temple (1/1) D:7
   Lair: D:8-11         Orc: D:9-12

Altars:
Ashenzari
Cheibriados
Dithmenos
Fedhas
Gozag
Hepliaklqana
Kikubaaqudgha
Makhleb
Nemelex Xobeh
Okawaru
Qazlal
Ru
Sif Muna
Trog
Uskayaw
Vehumet
Wu Jian
Xom
Yredelemnul

Shops:
D:1 ?[:   D:2 =   D:8 *


Innate Abilities, Weirdness & Mutations

You are partially covered in molten scales. (AC +2)
Your demonic aura causes all spilled blood to erupt in flames.
You regenerate a little health from kills.


Message History

Press: ? - help, Dir - move target, f/p - gargoyle
Aim: a gargoyle, wielding a +0 morningstar (heavily damaged, about 23% to evade your +2 vampiric spear)
You hit the gargoyle but do no damage.
The gargoyle is heavily damaged.
The gargoyle hurls a stone arrow at you.
The stone arrow misses you.
The gargoyle hits you with a +0 morningstar!
Reach: C) +2 spear (vamp)
Press: ? - help, Dir - move target, f/p - gargoyle
Aim: a gargoyle, wielding a +0 morningstar (heavily damaged, about 23% to evade your +2 vampiric spear)
You hit the gargoyle but do no damage.
The gargoyle is heavily damaged.
The gargoyle hurls a stone arrow at you.
The stone arrow hits you!
* * * LOW HITPOINT WARNING * * *
Reach: C) +2 spear (vamp)
Press: ? - help, Dir - move target, f/p - gargoyle
Aim: a gargoyle, wielding a +0 morningstar (heavily damaged, about 23% to evade your +2 vampiric spear)
You reach to attack!
You hit the gargoyle but do no damage.
The gargoyle is heavily damaged.
Unknown command.
Reach: C) +2 spear (vamp)
Press: ? - help, Dir - move target, f/p - gargoyle
Aim: a gargoyle, wielding a +0 morningstar (heavily damaged, about 23% to evade your +2 vampiric spear)
You barely miss the gargoyle.
The gargoyle is heavily damaged.
The gargoyle hits you with a +0 morningstar!
* * * LOW HITPOINT WARNING * * *
You feel much better.
The gargoyle hurls a stone arrow at you.
The stone arrow misses you.
Aiming: Fastroot
Press: ? - help, Shift-Dir - straight line, f/p - gargoyle
Aim: a gargoyle, wielding a +0 morningstar (heavily damaged)
The roots erupt in riotous growth!
Roots grab the gargoyle.
The grasping roots constrict the gargoyle, but do no damage.
The gargoyle hurls a stone arrow at you.
The stone arrow hits you!!
You die...

##....##...## #...#
#....##....# #...#
##....##....# #...#
............# #...#
............# #...#
###.........# #...#
#.........# #9..#
#.........#####§..#
#.............@§..#
#.................#
..[...............<#
####################


You could see a gargoyle (rooted).

Vanquished Creatures
  Gastronok (D:9)
  Maurice (D:7)
  2 trolls
  A shadow (D:8)
  Grum (D:9)
  6 vampire mosquitoes
  A water moccasin (D:6)
  An orc warrior (D:9)
  A black bear (D:6)
  3 wolves (D:9)
  A centaur (D:9)
  2 phantoms (D:7)
  A kobold brigand (D:9)
  2 bullfrogs
  6 scorpions
  10 killer bees
  4 howler monkeys
  4 hounds
  2 jellies (D:6)
  4 orc priests
  A gnoll bouda (D:6)
  2 iguanas
  A sleepcap (D:5)
  Natasha (thrice) (D:4)
  7 orc wizards
  7 adders
  9 gnolls
  2 shadow imps
  3 white imps
  2 ufetubi (D:5)
  3 dart slugs
  19 orcs
  7 bats
  5 endoplasms
  4 giant cockroaches
  8 goblins
  8 hobgoblins
  6 jackals
  7 quokkas
  5 ball pythons
  A frilled lizard (D:3)
  16 kobolds
  8 rats
188 creatures vanquished.

Vanquished Creatures (others)
  376 foxfires
376 creatures vanquished.

Grand Total: 564 creatures vanquished

Notes
Turn   | Place    | Note
-------+----------+-------------------------------------------
     0 | D:1      | Atlas the Demonspawn Fire Elementalist began the quest for
                  | the Orb.
     0 | D:1      | Reached XP level 1. HP: 13/13 MP: 3/3
   182 | D:1      | Gained mutation: Your demonic aura sometimes causes spilled
                  | blood to erupt in flames. [demonic ancestry]
   182 | D:1      | Reached XP level 2. HP: 19/19 MP: 0/5
   685 | D:1      | Reached XP level 3. HP: 24/24 MP: 3/6
   765 | D:1      | Found Tatoneeg's Book Shoppe.
   879 | D:1      | Found Hikh's Magic Scroll Shoppe.
   923 | D:1      | Bought a scroll of identify for 28 gold pieces
   969 | D:1      | You fall into a shaft and drop 1 floor!
  1063 | D:1      | Found Xoxiq's Antique Armour Emporium.
  2349 | D:2      | Found Vetor's Jewellery Emporium.
  2357 | D:2      | Reached XP level 4. HP: 31/31 MP: 4/8
  2412 | D:2      | Reached skill level 3 in Spellcasting
  3435 | D:3      | Gained mutation: You are partially covered in molten
                  | scales. (AC +2) [demonic ancestry]
  3435 | D:3      | Reached XP level 5. HP: 36/36 MP: 1/9
  4022 | D:3      | Learned a level 2 spell: Scorch
  4027 | D:3      | Learned a level 4 spell: Flame Wave
  4158 | D:4      | Noticed Natasha
  4161 | D:4      | Killed Natasha
  4351 | D:4      | Noticed Natasha
  4357 | D:4      | Killed Natasha
  4358 | D:4      | Gained mutation: You regenerate a little health from kills.
                  | [demonic ancestry]
  4358 | D:4      | Reached XP level 6. HP: 41/42 MP: 4/11
  4374 | D:4      | Reached skill level 1 in Armour
  4534 | D:4      | Found a snail-covered altar of Cheibriados.
  4534 | D:4      | Found a shimmering blue altar of Sif Muna.
  4534 | D:4      | Found a bloodstained altar of Trog.
  4550 | D:4      | Noticed Natasha
  4563 | D:4      | Killed Natasha
  4883 | D:4      | Found a hide-covered altar of Uskayaw.
  4890 | D:4      | Found a shadowy altar of Dithmenos.
  5085 | D:4      | Found a shadowy altar of Dithmenos.
  5087 | D:4      | Found a shimmering altar of Xom.
  5087 | D:4      | Found an ancient bone altar of Kikubaaqudgha.
  5089 | D:4      | Found a stormy altar of Qazlal.
  5089 | D:4      | Found a stormy altar of Qazlal.
  5522 | D:5      | Entered Level 5 of the Dungeon
  5529 | D:5      | Reached skill level 4 in Spellcasting
  5680 | D:5      | Reached XP level 7. HP: 47/47 MP: 4/13
  5897 | D:5      | Found a blossoming altar of Fedhas.
  6097 | D:5      | Reached skill level 5 in Spellcasting
  6266 | D:5      | Reached skill level 5 in Fire Magic
  7008 | D:6      | Gained mutation: Your demonic aura often causes spilled
                  | blood to erupt in flames. [demonic ancestry]
  7008 | D:6      | Reached XP level 8. HP: 53/53 MP: 10/16
  7173 | D:6      | Found a sacrificial altar of Ru.
  7384 | D:6      | Identified the +0 scale mail of Lucidity {rN+++ Will- rCorr
                  | Int-2}
  7457 | D:6      | Reached skill level 6 in Spellcasting
  8232 | D:7      | Reached skill level 1 in Fighting
  8332 | D:7      | Reached XP level 9. HP: 59/59 MP: 14/18
  8428 | D:7      | Noticed Maurice
  8437 | D:7      | Killed Maurice
  8438 | D:7      | Reached skill level 7 in Spellcasting
  8682 | D:7      | Found a staircase to the Ecumenical Temple.
  8690 | Temple   | Entered the Ecumenical Temple
  8704 | Temple   | Became a worshipper of Vehumet
  9112 | D:8      | Noticed a troll
  9115 | D:8      | Reached skill level 5 in Conjurations
  9127 | D:8      | Killed a troll
  9214 | D:8      | Found Peutis's General Store.
  9372 | D:8      | Reached skill level 8 in Spellcasting
  9621 | D:8      | Found an ornate altar of the Wu Jian Council.
  9706 | D:9      | Noticed a troll
  9711 | D:9      | Killed a troll
  9712 | D:9      | Gained mutation: Your demonic aura causes all spilled blood
                  | to erupt in flames. [demonic ancestry]
  9712 | D:9      | Reached XP level 10. HP: 67/67 MP: 16/22
  9776 | D:9      | Reached * piety under Vehumet
  9776 | D:9      | Offered knowledge of Sting by Vehumet.
  9922 | D:9      | Noticed Gastronok
  9942 | D:9      | Killed Gastronok
  9943 | D:9      | Reached skill level 9 in Spellcasting
 10068 | D:9      | Noticed Grum
 10072 | D:9      | Killed Grum
 10297 | D:10     | Entered Level 10 of the Dungeon
 10319 | D:10     | Noticed a gargoyle
 10367 | D:10     | HP: 1/67 [gargoyle/+0 morningstar (16)]
 10370 | D:10     | Killed from afar by a gargoyle

Illustrated notes

Levels and vault maps discovered:
D:1:      wheals_arrival_linesprint, layout_loops_corners, serial_shops,
          nicolae_shop_tiny_glass, nicolae_book_shop_shelving,
          nicolae_shop_hallway_stairs
D:2:      layout_basic, serial_shops, shop, chequers_decorated_corner,
          grunt_ministairs_7, dk_noncrumbling_4
D:3:      layout_rooms, good_gods_mini_temple
D:4:      layout_loops_corners, doesnt_xom_only_xom,
          nicolae_overflow_hallway_of_the_gods, grunt_decor_arrowhead,
          uniq_natasha
D:5:      layout_basic, fedhas_altar_decomposition, st_stairs_6
D:6:      layout_basic, nicolae_ru_great_annihilating_truth
D:7:      layout_layer_cave, minmay_temple_entry_arrows, uniq_maurice
D:8:      layout_basic, mainiacjoe_overflow_six_doors_small, serial_shops,
          nicolae_shop_hallway_stairs
D:9:      layout_rooms, kennysheep_nondescript, uniq_grum, uniq_gastronok
D:10:     gammafunk_indiana_jones, layout_small_grid,
          nicolae_qazlal_eye_of_the_storm, lair_entry_dummy, uniq_urug
Temple:   hellmonk_temple_rainy

Skill      XL: |  1  2  3  4  5  6  7  8  9 10 |
---------------+-------------------------------+-----
Stealth        | 2 3 |  3.0
Fire Magic     | 3 4 5 6 7 8 |  8.8
Dodging        | 2 3 |  3.1
Spellcasting   | 3 4 5 6 8 9 |  9.3
Conjurations   | 2 3 4 5 |  5.6
Armour         | 1 2 3 |  3.5
Fighting       | 1 2 |  2.0
Unarmed Combat | |  0.6
Evocations     | |  0.6

Action                     |  1- 3 |  4- 6 |  7- 9 | 10-12 || total
---------------------------+-------+-------+-------+-------++-------
  Melee: Unarmed           |    13 |    35 |       |       ||    48
         Spear             |       |       |     8 |    28 ||    36
   Cast: Foxfire           |    91 |   127 |   104 |    19 ||   341
         Scorch            |       |    23 |    72 |    34 ||   129
         Flame Wave        |       |       |    11 |     5 ||    16
  Evoke: Wand              |       |       |     4 |     3 ||     7
    Use: Scroll            |     2 |       |     9 |     3 ||    14
         Potion            |       |       |     1 |     1 ||     2
 Armour: Robe              |    17 |    10 |       |       ||    27
         Leather armour    |       |    43 |    85 |       ||   128
         Troll leather arm |       |       |       |    57 ||    57
  Dodge: Dodged            |    14 |    41 |    57 |    34 ||   146

Table legend: (Time is in decaauts)
 A = Elapsed time spent in this place.
 B = Non-inter-level travel time spent in this place.
 C = Inter-level travel time spent in this place.
 D = Time resting spent in this place.
 E = Time spent auto-exploring this place.
 F = Levels seen in this place.
 G = Mean time per level.
                   A        B        C        D        E       F      G
               +--------+--------+--------+--------+--------+-----+--------+
         Total |  10377 |   9876 |    501 |    723 |   7771 |  11 |  943.4 |
       Dungeon |  10350 |   9861 |    489 |    723 |   7771 |  10 | 1035.0 |
        Temple |     26 |     14 |     12 |      0 |      0 |   1 |   26.0 |
               +--------+--------+--------+--------+--------+-----+--------+

Top non-repeatable levels by time:
     D:1: 1651 daAuts
     D:4: 1570 daAuts
     D:2: 1468 daAuts
     D:6: 1338 daAuts
     D:5: 1334 daAuts
     D:3: 915 daAuts
     D:8: 761 daAuts
     D:7: 666 daAuts
     D:9: 571 daAuts
    D:10: 73 daAuts
  Temple: 26 daAuts
